 Dungeon Crawl Stone Soup version 0.23-a0-458-g93a6ea9 (webtiles) character file.

749 Firecrotchwizard the Cudgeler (level 7, -2/39 HPs)
             Began as a Vine Stalker Fighter on Nov 26, 2018.
             Was an Initiate of Makhleb.
             Slain by an orc (3 damage)
             ... on level 4 of the Dungeon.
             The game lasted 00:05:33 (2942 turns).

Firecrotchwizard the Cudgeler (VSFi)                Turns: 2942, Time: 00:05:34

Health: -2/39      AC:  7    Str: 21    XL:     7   Next: 77%
Magic:  0/8        EV:  7    Int:  8    God:    Makhleb [......]
Gold:   178        SH:  9    Dex: 13    Spells: 6/6 levels left

rFire    . . .     SeeInvis .   a - +1 flail
rCold    . . .     Gourm    .   c - +0 shield
rNeg     . . .     Faith    .   b - +0 scale mail
rPois    .         Spirit   +   (no helmet)
rElec    .         Reflect  .   (no cloak)
rCorr    .         Harm     .   (no gloves)
MR       .....                  k - +0 pair of boots (curse)
Stlth    ..........             (no amulet)
HPRegen  0.53/turn              (no ring)
MPRegen  0.11/turn              (no ring)

@: no status effects
A: fangs 2, regeneration 1, magic shield, antimagic bite, no potion heal 3, rot
immunity
a: Renounce Religion


You were on level 4 of the Dungeon.
You worshipped Makhleb.
Makhleb was noncommittal.
You were not hungry.

You visited 1 branch of the dungeon, and saw 4 of its levels.

You collected 178 gold pieces.

Inventory:

Hand Weapons
 a - a +1 flail (weapon)
Armour
 b - a +0 scale mail (worn)
 c - a +0 shield (worn)
 k - a cursed +0 pair of boots (worn)
   (You found it on level 1 of the Dungeon)
Wands
 d - a wand of polymorph (4)
   (You took it off Ijyb on level 3 of the Dungeon)
Scrolls
 e - 4 scrolls of teleportation
 h - 3 scrolls of random uselessness
 m - a scroll of identify
 n - a scroll of remove curse {unknown}
 o - a scroll of blinking {unknown}
 q - a scroll of amnesia {unknown}
 r - a scroll of fear {unknown}
 s - a scroll of enchant weapon
Potions
 i - a potion of degeneration {unknown}
 j - 2 potions of invisibility {unknown}
 l - a potion of mutation {unknown}
 p - a potion of flight {unknown}
 t - a potion of ambrosia {unknown}
Comestibles
 f - 8 rations
 g - 4 chunks of flesh {@w0}


   Skills:
 + Level 5.1 Fighting
 * Level 6.5 Maces & Flails
 - Level 2.4 Armour
 - Level 2.6 Shields


You had 6 spell levels left.
You didn't know any spells.
Your spell library was empty.

Dungeon Overview and Level Annotations

Branches:
Dungeon (4/15)
 Temple: D:4-7

Altars:
Cheibriados
Makhleb


Innate Abilities, Weirdness & Mutations

You have extremely sharp teeth.
Your natural rate of healing is unusually fast.
When hurt, damage is shared between your health and your magic reserves.
Your bite disrupts and absorbs the magic of your enemies.
Potions cannot restore your health.
You are immune to rotting.


Message History

Makhleb accepts your kill.
The crimson imp disappears in a puff of smoke!
The quokka disappears in a puff of smoke!
The quasit disappears in a puff of smoke!
The crimson imp disappears in a puff of smoke!
Your Fighting skill increases to level 5!
Things that are here:
a +0 falchion; a +0 leather armour; the human corpse of Eustachio You butcher the human corpse of Eustachio.
g - 4 chunks of flesh {@w0} (gained 1)
Things that are here:
a +0 falchion; a +0 leather armour; the human skeleton of Eustachio Health restored: 39
t - a smoky pink potion MP restored: 8
f - 8 rations (gained 1)
You hear the slow rusting of a very distant drain.
You hear the slow hiss of a very distant avalanche of sand.
An orc comes into view. It is wielding a +0 trident.
The orc shouts!
You hear a shout! x2
The orc moves out of view.
An orc priest comes into view. It is wielding a +0 short sword.
The orc priest shouts!
An orc comes into view.
It is wielding a +0 dagger. 2 orcs come into view.
The orc shouts!
The orc moves out of view.
The orc priest miscasts a cantrip.
The orc hits you with a +0 trident.
You take 1 damage, and have 38/39 hp.
Your shield and scale mail prevent you from hitting the orc.
The orc priest invokes the aid of Beogh against you.
Beogh smites you! You block the orc's attack.
You take 13 damage, and have 25/39 hp.
MASSIVE DAMAGE!!
You now have 6/8 mp.
You are too injured to fight recklessly!
You are too injured to fight recklessly!
You closely miss the orc. Your bite misses the orc.
The orc hits you with a +0 trident.
You take 1 damage, and have 24/39 hp.
You now have 5/8 mp.
You hit the orc. The orc hits you but does no damage.
The orc priest begins to cast a cantrip, but forgets the words!
You hit the orc but do no damage. The orc barely misses you.
The orc priest mumbles some strange prayers to Beogh against you.
Beogh smites you!
You take 8 damage, and have 16/39 hp.
MASSIVE DAMAGE!!
You now have 3/8 mp.
You hit the orc but do no damage. You hit the orc but do no damage.
Your bite misses the orc. You block the orc's attack.
The orc hits you but does no damage. x2
You hit the orc. You bite the orc.
You kill the orc!
Makhleb accepts your kill. You block the orc's attack.
The orc priest casts a cantrip, but nothing happens.
The orc hits you with a +0 trident. The orc hits you but does no damage.
The orc priest calls down the wrath of Beogh upon you.
Beogh smites you!
* * * LOW HITPOINT WARNING * * *
You take 9 damage, and have 8/39 hp.
MASSIVE DAMAGE!!
You now have 2/8 mp.
You hit the orc. You bite the orc. You drain its power.
You feel invigorated. You block the orc's attack.
The orc hits you with a +0 trident.
* * * LOW HITPOINT WARNING * * *
The orc hits you.
* * * LOW HITPOINT WARNING * * *
You take 5 damage, and have 3/39 hp.
You now have 1/8 mp.
You hit the orc.
You kill the orc!
Makhleb accepts your kill. You block the orc's attack.
The orc hits you but does no damage.
You thump the orc priest! Your bite misses the orc priest.
You block the orc's attack. The orc hits you but does no damage.
You block the orc priest's attack.
You closely miss the orc priest. You bite the orc priest. You drain its power.
You feel invigorated. You block the orc's attack.
The orc priest calls upon Beogh to heal the orc.
The orc's wounds heal themselves!
The orc hits you with a +0 trident.
* * * LOW HITPOINT WARNING * * *
You take 3 damage, and have 1/39 hp.
You now have 1/8 mp.
You sock the orc priest!
You kill the orc priest!
Makhleb accepts your kill. You block the orc's attack. x2
You barely miss the orc. You bite the orc. You drain its power.
You feel invigorated. The orc hits you.
* * * LOW HITPOINT WARNING * * *
You block the orc's attack.
You take 1 damage, and have 1/39 hp.
You now have 0/8 mp.
Your shield and scale mail prevent you from hitting the orc.
Your bite misses the orc. You block the orc's attack. x2
You closely miss the orc. The orc hits you but does no damage.
You block the orc's attack. The orc barely misses you.
You hit the orc. The orc hits you with a +0 trident.
* * * LOW HITPOINT WARNING * * *
The orc hits you.
You die...

#####
....##############
###.#............#
#...#.##########.#
.................#
......#########..#
.......... #..#
......#### #o@#
......# #...o)#
#.....# #........
###...# #.#...(...
..........
##.#?.#.# ........
.....#.. ..###.###
##.......%
......... ..#.#
#.. ...## #


You could see 2 orcs.

Vanquished Creatures
  Sigmund (D:3)
  Eustachio (D:4)
  Purgy (D:3)
  3 orc priests
  Ijyb (D:3)
  An orc wizard (D:3)
  A worker ant (D:4)
  Terence (D:3)
  7 adders
  An ooze (D:3)
  4 worms
  2 dart slugs
  A leopard gecko (D:2)
  8 orcs
  7 bats
  5 giant cockroaches
  4 goblins
  6 hobgoblins
  8 jackals
  10 kobolds
  2 quokkas
  2 ball pythons (D:2)
  7 frilled lizards
  6 rats
90 creatures vanquished.

Notes
Turn   | Place    | Note
-------+----------+-------------------------------------------
     0 | D:1      | Firecrotchwizard the Vine Stalker Fighter began the quest
                  | for the Orb.
     0 | D:1      | Reached XP level 1. HP: 11/11 MP: 2/2
    27 | D:1      | Reached skill level 2 in Maces & Flails
    51 | D:1      | Reached XP level 2. HP: 14/16 MP: 3/3
   248 | D:1      | Reached skill level 3 in Fighting
   500 | D:1      | Reached XP level 3. HP: 20/20 MP: 4/4
  1095 | D:2      | Reached skill level 3 in Maces & Flails
  1557 | D:2      | Gained mutation: Your natural rate of healing is unusually
                  | fast. [Vine Stalker growth]
  1557 | D:2      | Reached XP level 4. HP: 23/24 MP: 3/5
  2100 | D:3      | Noticed Grinder
  2133 | D:3      | Reached XP level 5. HP: 25/28 MP: 6/6
  2177 | D:3      | Noticed Purgy
  2181 | D:3      | Reached skill level 4 in Maces & Flails
  2184 | D:3      | Killed Purgy
  2184 | D:3      | Reached skill level 4 in Fighting
  2219 | D:3      | Noticed Sigmund
  2222 | D:3      | Killed Sigmund
  2222 | D:3      | Reached skill level 5 in Maces & Flails
  2222 | D:3      | Reached XP level 6. HP: 34/34 MP: 7/7
  2265 | D:3      | Noticed Ijyb
  2288 | D:3      | Killed Ijyb
  2313 | D:3      | Noticed Terence
  2395 | D:2      | Reached XP level 7. HP: 25/38 MP: 5/8
  2474 | D:3      | Killed Terence
  2560 | D:3      | Found a burning altar of Makhleb.
  2565 | D:3      | Became a worshipper of Makhleb the Destroyer
  2824 | D:4      | Found a snail-covered altar of Cheibriados.
  2858 | D:4      | Reached skill level 6 in Maces & Flails
  2873 | D:4      | Noticed Eustachio
  2888 | D:4      | Killed Eustachio
  2888 | D:4      | Reached skill level 5 in Fighting
  2933 | D:4      | HP: 8/39 [orc priest/divine providence (9)]
  2934 | D:4      | HP: 3/39 [orc (2)]
  2937 | D:4      | HP: 1/39 [orc/+0 trident (4)]
  2942 | D:4      | HP: 1/39 [orc/+0 trident (2)]
  2942 | D:4      | Slain by an orc

Vault maps used:
D:1:      psy_arrival_conway
D:3:      lemuel_doored_altar, uniq_ijyb, uniq_grinder, uniq_purgy,
          uniq_sigmund, uniq_terence
D:4:      kennysheep_little_box, lemuel_zombie_altar_kikubaaqudgha,
          kennysheep_slug_shrine, kennysheep_mini,
          nicolae_ossuary_entry_catacombs, cheibrodos_sewer_entry_sluice,
          serial_glass, glass_columns_a, glass_columns_b, uniq_eustachio

Skill      XL: |  1  2  3  4  5  6  7 |
---------------+----------------------+-----
Maces & Flails | 2 3 5 6 |  6.5
Fighting       | 3 4 5 |  5.1
Armour         | |  2.4
Shields        | |  2.6

Action                   |  1- 3 |  4- 6 |  7- 9 || total
-------------------------+-------+-------+-------++-------
Melee: Flail             |    92 |    96 |    79 ||   267
       Bite              |    23 |    22 |    22 ||    67
       Unarmed           |       |     5 |       ||     5
  Use: Scroll            |       |     4 |       ||     4
       Potion            |       |     1 |       ||     1
 Stab: Confused          |       |     1 |       ||     1
  Eat: Chunk             |     2 |     3 |     2 ||     7
Armor: Scale mail        |    52 |    38 |    33 ||   123
       Skin              |       |     1 |       ||     1
Dodge: Dodged            |    28 |    22 |    23 ||    73
Block: Shield            |    52 |    42 |    42 ||   136

Table legend:
 A = Non-vault XP
 B = Vault XP
 C = Vault XP percentage of total XP
 D = Non-vault monster count
 E = Vault monster count
 F = Vault count percentage of total count
                 A         B        C        D         E       F
            +---------+---------+-------+---------+---------+-------
      Total |     436 |     634 |  59.3 |      84 |       6 |   6.7
            +---------+---------+-------+---------+---------+-------
        D:1 |      36 |       0 |   0.0 |      20 |       0 |   0.0
        D:2 |     124 |       0 |   0.0 |      29 |       0 |   0.0
        D:3 |     169 |     439 |  72.2 |      26 |       4 |  13.3
        D:4 |     107 |     195 |  64.6 |       9 |       2 |  18.2
            +---------+---------+-------+---------+---------+-------

Vault maps used:
D:1:      psy_arrival_conway
D:3:      lemuel_doored_altar, uniq_ijyb, uniq_grinder, uniq_purgy,
          uniq_sigmund, uniq_terence
D:4:      kennysheep_little_box, lemuel_zombie_altar_kikubaaqudgha,
          kennysheep_slug_shrine, kennysheep_mini,
          nicolae_ossuary_entry_catacombs, cheibrodos_sewer_entry_sluice,
          serial_glass, glass_columns_a, glass_columns_b, uniq_eustachio

Table legend:
 A = Turns spent in this place as a percentage of turns spent in the entire game.
 B = Non-inter-level travel turns spent in this place as a percentage of non-inter-level travel turns spent in the entire game.
 C = Inter-level travel turns spent in this place as a percentage of turns spent in this place.
 D = Turns resting spent in this place as a percentage of non-inter-level travel turns spent in this place.
 E = Turns spent auto-exploring this place as a percentage of non-inter-level travel turns spent in this place.
 F = Non-inter-level travel turns spent in this place divided by the number of levels of this place that you've seen.
                   A       B       C       D       E      F
               +-------+-------+-------+-------+-------+----------------------
         Total | 100.0 | 100.0 |   7.9 |  14.1 |  64.1 | 677.5
       Dungeon | 100.0 | 100.0 |   7.9 |  14.1 |  64.1 | 677.5
               +-------+-------+-------+-------+-------+----------------------

Table legend:
 A = Kills in this place as a percentage of kills in entire the game.
 B = Kills by you in this place as a percentage of kills by you in the entire game.
 C = Kills by friends in this place as a percentage of kills by friends in the entire game.
 D = Other kills in this place as a percentage of other kills in the entire game.
 E = Experience gained in this place as a percentage of experience gained in the entire game.
 F = Experience gained in this place divided by the number of levels of this place that you have seen.
                   A       B       C       D       E      F
               +-------+-------+-------+-------+-------+----------------------
         Total | 100.0 | 100.0 |   N/A |   N/A | 100.0 | 267.5
       Dungeon | 100.0 | 100.0 |   N/A |   N/A | 100.0 | 267.5
               +-------+-------+-------+-------+-------+----------------------
